 Dungeon Crawl Stone Soup version 0.26.1-11-gd32895ea62 (webtiles) character file.

Game seed: 657480333605228173

1526 LordApricot the Firebug (level 8, -6/59 HPs)
             Began as a Demigod Fire Elementalist on July 10, 2021.
             Mangled by Blork the orc
             ... wielding a +0 halberd
              (11 damage)
             ... on level 6 of the Dungeon.
             The game lasted 00:27:45 (7614 turns).

LordApricot the Firebug (Demigod Fire Elementalist) Turns: 7614, Time: 00:27:46

Health: -6/59      AC:  2    Str: 11    XL:     8   Next: 29%
Magic:  6/19       EV: 13    Int: 23    God:
Gold:   179        SH:  0    Dex: 16    Spells: 1/17 levels left

rFire    . . .     SeeInvis .   u - +4 dire flail
rCold    . . .     Faith    .   (shield currently unavailable)
rNeg     . . .     Spirit   .   a - +0 robe
rPois    .         Reflect  .   (no helmet)
rElec    .         Harm     .   (no cloak)
rCorr    .         Rampage  .   (no gloves)
Will     .....                  (no boots)
Stlth    ++........             (no amulet)
HPRegen  0.19/turn              (no ring)
MPRegen  0.16/turn              (no ring)

@: no status effects
A: high mp 1
a: no special abilities


You were on level 6 of the Dungeon.
You visited 1 branch of the dungeon, and saw 6 of its levels.

You collected 179 gold pieces.

Inventory:

Hand Weapons
 j - a +2 short sword of draining
 o - a +0 dagger of venom
 u - a +4 dire flail (weapon)
Armour
 a - a +0 robe (worn)
 c - a scarf of invisibility
Jewellery
 g - an uncursed amulet of faith
Wands
 m - a wand of disintegration (5)
 q - a wand of enslavement (6)
 r - a wand of random effects (9)
 w - a wand of acid (7)
Scrolls
 b - 8 scrolls of identify
 e - 3 scrolls of remove curse {unknown}
 f - a scroll of enchant weapon {unknown}
 h - 5 scrolls of teleportation {unknown}
 l - a scroll of enchant armour {unknown}
Potions
 d - 2 potions of resistance {unknown}
 i - 2 potions of might
 k - a potion of degeneration {unknown}
 n - 2 potions of curing
 p - a potion of ambrosia {unknown}
 s - a potion of lignification {unknown}
 t - a potion of heal wounds {unknown}
 v - a potion of attraction {unknown}


   Skills:
 + Level 1.2 Fighting
 + Level 1.7 Short Blades
 + Level 0.8 Maces & Flails
 + Level 3.0 Dodging
 + Level 2.5 Stealth
 + Level 0.1 Unarmed Combat
 + Level 5.2 Spellcasting
 + Level 4.6 Conjurations
 + Level 5.5 Fire Magic
 + Level 1.1 Evocations


You had one spell level left.
You knew the following spells:

 Your Spells              Type           Power        Failure   Level
a - Foxfire               Conj/Fire      100%         1%          1
b - Conjure Flame         Conj/Fire      29%          3%          3
c - Inner Flame           Hex/Fire       18%          9%          3
d - Sticky Flame          Conj/Fire      29%          11%         4
e - Fireball              Conj/Fire      14%          30%         5

Your spell library contained the following spells:

 Spells                   Type           Power        Failure   Level


Dungeon Overview and Level Annotations

Branches:
Dungeon (6/15)
 Temple: D:4-7

Annotations:
D:6 Blork the orc


Innate Abilities, Weirdness & Mutations

You have an increased reservoir of magic. (+10% MP)


Message History

The magic dart hits you!
Blork the orc screams, "I'll decorate my home with your organs!"
Blork the orc points at you and mumbles some strange words.
The puff of frost misses you.
Aiming: Corrosive Bolt
Press: ? - help, Shift-Dir - straight line, f - Blork the orc
Aim: Blork the orc, wielding a +0 halberd and wearing a +1 robe of willpower (heavily wounded, fast, 25% to evade)
The bolt of acid misses Blork the orc.
Blork the orc gestures at you while chanting.
The puff of flame hits you!
Blork the orc hits you from afar with a +0 halberd!
* * * LOW HITPOINT WARNING * * *
Aiming: Disintegrate
Press: ? - help, Shift-Dir - straight line, f/p - Blork the orc
Aim: Blork the orc, wielding a +0 halberd and wearing a +1 robe of willpower (heavily wounded, fast, chance to affect: 35%) Blork the orc easily resists.
Blork the orc hits you from afar with a +0 halberd.
* * * LOW HITPOINT WARNING * * *
Blork the orc hits you from afar with a +0 halberd!
You die...

#######.### #.# ##'##
#.# ##...## #.####
##.....## ##....#
##.......## ##.....#
###.........####......#
).+.........+...o....##
###.........####...#.##
##.......## #@.....#
##.....## #.###..#
##...## ##.# #..# ##'##
##..###..#
###.######....)...#
#........#.##.#...#
#.#.####.#.#.##..##
#....###.#.##.#..#
#.....##.#.#.##..#


You could see Blork the orc (fast).

Vanquished Creatures
  Grinder (D:6)
  Menkaure (D:4)
  Duvessa (D:5)
  An orc warrior (D:6)
  An ice beast (D:5)
  2 centaurs
  A bullfrog (D:6)
  Dowan (D:5)
  4 wights (D:6)
  A hound (D:5)
  2 orc priests
  2 orc wizards (D:4)
  A worker ant (D:5)
  2 iguanas (D:5)
  6 gnolls
  5 adders
  A white imp (D:5)
  3 oozes
  An adder zombie (D:2)
  A worm (D:4)
  4 dart slugs
  3 leopard geckos
  14 orcs
  11 bats
  7 giant cockroaches
  17 hobgoblins
  6 jackals (D:2)
  9 kobolds
  2 quokkas
  2 ball pythons (D:3)
  8 frilled lizards
  7 goblins
  4 rats
  A spectral orc (D:2)
133 creatures vanquished.

Vanquished Creatures (collateral kills)
  A gnoll (D:5)
  2 orcs (D:5)
3 creatures vanquished.

Vanquished Creatures (others)
  500 foxfires
500 creatures vanquished.

Grand Total: 636 creatures vanquished

Notes
Turn   | Place    | Note
-------+----------+-------------------------------------------
     0 | D:1      | LordApricot the Demigod Fire Elementalist began the quest
                  | for the Orb.
     0 | D:1      | Reached XP level 1. HP: 14/14 MP: 5/5
   221 | D:1      | Reached skill level 1 in Conjurations
   221 | D:1      | Reached XP level 2. HP: 20/20 MP: 1/7
   838 | D:1      | Reached XP level 3. HP: 23/26 MP: 3/8
   845 | D:1      | Learned a level 3 spell: Conjure Flame
  2908 | D:2      | Found a basalt altar of Yredelemnul.
  2988 | D:2      | Reached XP level 4. HP: 28/33 MP: 5/10
  3242 | D:2      | Learned a level 3 spell: Inner Flame
  3345 | D:3      | Found a burning altar of Makhleb.
  3345 | D:3      | Found a glowing silver altar of Zin.
  3346 | D:3      | Noticed an angel
  3346 | D:3      | Noticed a blizzard demon
  3507 | D:3      | Found a bloodstained altar of Trog.
  4389 | D:4      | Reached XP level 5. HP: 17/38 MP: 1/12
  4630 | D:4      | Noticed Menkaure
  4642 | D:4      | Killed Menkaure
  4858 | D:4      | Reached XP level 6. HP: 45/45 MP: 9/13
  5036 | D:5      | Entered Level 5 of the Dungeon
  5369 | D:5      | Found an iron altar of Okawaru.
  6017 | D:5      | Noticed Dowan
  6017 | D:5      | Noticed Duvessa
  6030 | D:5      | Killed Duvessa
  6031 | D:5      | Reached XP level 7. HP: 21/51 MP: 7/16
  6032 | D:5      | Killed Dowan
  6642 | D:6      | Reached skill level 1 in Short Blades
  6667 | D:6      | Reached skill level 5 in Fire Magic
  6835 | D:6      | Noticed Grinder
  6857 | D:6      | Killed Grinder
  7128 | D:6      | HP: 1/51 [centaur/arrow (13)]
  7130 | D:6      | Reached skill level 1 in Fighting
  7130 | D:6      | Reached XP level 8. HP: 1/59 MP: 14/18
  7452 | D:6      | Reached skill level 5 in Spellcasting
  7457 | D:6      | Learned a level 4 spell: Sticky Flame
  7463 | D:6      | Learned a level 5 spell: Fireball
  7546 | D:6      | Reached skill level 1 in Evocations
  7546 | D:6      | Noticed Blork the orc
  7614 | D:6      | Mangled by Blork the orc

Illustrated notes

Levels and vault maps discovered:
D:1:      dpeg_arrival_fog, layout_loops_ring, minivault_14
D:2:      layout_rooms, yredelemnul_forgotten_temple_becter
D:3:      layout_loops_ring, grunt_temple_overflow_order_and_chaos_2,
          lightli_temple_of_fire
D:4:      layout_loops_ring, minmay_temple_entry_junction_2,
          grunt_qazlal_sundering, uniq_menkaure
D:5:      layout_gridville, okawaru_altar_gauntlet_db, uniq_duvessa
D:6:      layout_loops_corners, lemuel_coloured_pillars_altar,
          minmay_misc_feat_tiny, uniq_blork_the_orc, uniq_grinder

Skill      XL: |  1  2  3  4  5  6  7  8 |
---------------+-------------------------+-----
Dodging        | 2 3 |  3.0
Spellcasting   | 2 3 4 5 |  5.2
Conjurations   | 1 2 3 4 |  4.6
Fire Magic     | 3 4 5 |  5.5
Stealth        | 2 |  2.5
Short Blades   | 1 |  1.7
Fighting       | 1 |  1.2
Evocations     | 1 |  1.1
Maces & Flails | |  0.8
Unarmed Combat | |  0.1

Action                   |  1- 3 |  4- 6 |  7- 9 || total
-------------------------+-------+-------+-------++-------
Melee: Unarmed           |    18 |       |       ||    18
       Short sword       |       |    22 |    21 ||    43
       Dire flail        |       |       |     9 ||     9
 Cast: Foxfire           |   150 |   176 |    59 ||   385
       Conjure Flame     |       |    10 |     8 ||    18
       Sticky Flame      |       |       |     2 ||     2
       Fireball          |       |       |     1 ||     1
       Inner Flame       |       |       |     1 ||     1
Evoke: Wand              |       |     6 |     7 ||    13
  Use: Scroll            |     1 |     1 |       ||     2
       Potion            |       |     3 |       ||     3
 Stab: Sleeping          |       |     1 |       ||     1
Armor: Robe              |    18 |     5 |     4 ||    27
Dodge: Dodged            |    62 |    50 |    29 ||   141
